 Dungeon Crawl Stone Soup version 0.26-a0-520-g952f204493 (webtiles) character file.

Game seed: 4291666735945118284

43 ANON1729 the Poker (level 3, -1/28 HPs)
             Began as a Merfolk Gladiator on Aug 12, 2020.
             Slain by a scorpion (3 damage)
             ... on level 2 of the Dungeon.
             The game lasted 00:00:49 (770 turns).

ANON1729 the Poker (Merfolk Gladiator)               Turns: 770, Time: 00:00:49

Health: -1/28      AC:  4    Str: 13 (15) XL:     3   Next: 58%
Magic:  3/3        EV: 14    Int:  4 (7)  God:
Gold:   80         SH:  0    Dex: 13 (15) Spells: 2/2 levels left

rFire    . . .     SeeInvis .   a - +0 trident
rCold    . . .     Faith    .   (no shield)
rNeg     . . .     Spirit   .   b - +0 leather armour
rPois    .         Reflect  .   c - +0 helmet
rElec    .         Harm     .   (no cloak)
rCorr    .                      (no gloves)
MR       .....                  (no boots)
Stlth    +.........             (no amulet)
HPRegen  0.09/turn              (no ring)
MPRegen  0.08/turn              (no ring)

@: lethally poisoned (-1 -> -10), hasted, very quick
A: change form in water, swift swim, stealthy swim
a: no special abilities


You were on level 2 of the Dungeon.
You visited 1 branch of the dungeon, and saw 2 of its levels.

You collected 80 gold pieces.

Inventory:

Hand Weapons
 a - a +0 trident (weapon)
Missiles
 d - 3 throwing nets (quivered)
Armour
 b - a +0 leather armour (worn)
 c - a +0 helmet (worn)
Scrolls
 h - a scroll of enchant armour {unknown}
 i - 3 scrolls of identify {unknown}
 j - 2 scrolls of remove curse {unknown}
 k - a scroll of amnesia {unknown}
 l - a scroll of immolation {unknown}
 n - a scroll of teleportation {unknown}
Potions
 e - a potion of berserk rage {unknown}
 f - a potion of curing {unknown}
 g - a potion of degeneration
 m - a potion of haste


   Skills:
 + Level 2.8 Fighting
 + Level 5.0 Polearms
 + Level 2.5 Throwing
 + Level 4.6 Dodging


You had 2 spell levels left.
You didn't know any spells.
Your spell library was empty.

Dungeon Overview and Level Annotations

Branches:
Dungeon (2/15)

Altars:


Message History

You hit the scorpion.
The scorpion is moderately wounded.
* * * LOW HITPOINT WARNING * * *
You feel sick. The scorpion closely misses you.
You hit the scorpion.
The scorpion is moderately wounded.
* * * LOW HITPOINT WARNING * * *
You feel sick. The scorpion closely misses you.
You barely miss the scorpion.
The scorpion is moderately wounded.
* * * LOW HITPOINT WARNING * * *
You feel sick.
The scorpion stings you but does no damage.
It was a potion of degeneration.
There was something very wrong with that liquid.
You feel weakened.
You feel dopey.
You feel clumsy.
* * * LOW HITPOINT WARNING * * *
You feel sick. The scorpion misses you.
It was a potion of haste.
You feel yourself speed up. The scorpion stings you.
You die...

#.# ... ## ... ....
#. ### ..# ....##.
... #.# ....... #.#
#.# ....... #.# #.#
.)..... #.# #.#
.......###.###.####
......gs@.........#
..##...###.####<#.#
#..## #.# #.†..#
.... #.# #..### #..
#.# #..# .. #.#
#... . #.# .... #.#
.... #.#......


You could see a scorpion and a goblin.

Vanquished Creatures
  An adder (D:2)
  A dart slug (D:1)
  3 bats
  3 giant cockroaches (D:1)
  2 goblins (D:1)
  5 hobgoblins (D:1)
  4 jackals (D:1)
  2 kobolds (D:1)
  A quokka (D:2)
  2 frilled lizards (D:1)
  3 rats
27 creatures vanquished.

Notes
Turn   | Place    | Note
-------+----------+-------------------------------------------
     0 | D:1      | ANON1729 the Merfolk Gladiator began the quest for the Orb.
     0 | D:1      | Reached XP level 1. HP: 16/16 MP: 1/1
   119 | D:1      | Reached XP level 2. HP: 21/23 MP: 2/2
   553 | D:1      | Reached XP level 3. HP: 28/28 MP: 3/3
   749 | D:2      | Noticed a scorpion
   764 | D:2      | Reached skill level 5 in Polearms
   769 | D:2      | HP: 1/28 [poisoned by a scorpion]
   770 | D:2      | Slain by a scorpion

Illustrated notes

Levels and vault maps discovered:
D:1:      tarquinn_simple_flora_water_f, layout_basic, minmay_misc_feat_roman
D:2:      layout_rooms, uniq_natasha

Skill      XL: |  1  2  3 |
---------------+----------+-----
Polearms       | 5 |  5.0
Fighting       | |  2.8
Throwing       | |  2.5
Dodging        | |  4.6

Action                   || total
-------------------------++-------
Melee: Trident           ||    81
  Use: Potion            ||     2
 Stab: Sleeping          ||     2
Armor: Leather armour    ||    17
Dodge: Dodged            ||    51

Table legend: (Time is in decaauts)
 A = Elapsed time spent in this place.
 B = Non-inter-level travel time spent in this place.
 C = Inter-level travel time spent in this place.
 D = Time resting spent in this place.
 E = Time spent auto-exploring this place.
 F = Levels seen in this place.
 G = Mean time per level.
                   A        B        C        D        E       F      G
               +--------+--------+--------+--------+--------+-----+--------+
         Total |    775 |    749 |     26 |      0 |    604 |   2 |  387.5 |
       Dungeon |    775 |    749 |     26 |      0 |    604 |   2 |  387.5 |
               +--------+--------+--------+--------+--------+-----+--------+

Top non-repeatable levels by time:
     D:1: 738 daAuts
     D:2: 37 daAuts
